 Dungeon Crawl Stone Soup version 0.30-a0-123-g91d0c66ccf (webtiles) character file.

Game seed: 16037502318643105798

15367 Zonian the Cleaver (level 12, -4/89 HPs)
             Began as a Demonspawn Brigand on Sept 17, 2022.
             Was a High Priest of Okawaru.
             Slain by a yak (10 damage)
             ... on level 3 of the Lair of Beasts.
             The game lasted 00:46:56 (22628 turns).

Zonian the Cleaver (Demonspawn Brigand)            Turns: 22628, Time: 00:46:57

Health: -4/89      AC:  8    Str: 13    XL:     12   Next: 0%
Magic:  0/18       EV: 18    Int: 17    God:    Okawaru [*****.]
Gold:   546        SH:  6    Dex: 17    Spells: 8/11 levels left

rFire   . . .      SeeInvis .    z - +7 war axe of Kemoedgh {drain, rN+ Will+ Int+3}
rCold   + . .      Faith    .    (no shield)
rNeg    + . .      Spirit   +    b - +0 robe
rPois   .          Reflect  .    (helmet restricted)
rElec   .          Harm     .    c - +1 cloak
rCorr   .          Rampage  .    f - +0 pair of gloves
Will    ++...                    t - +1 pair of boots
Stlth   +++++.....               M - amulet of guardian spirit
HPRegen 0.24/turn                n - ring of protection from cold
MPRegen 0.16/turn                P - ring of willpower

@: heroic
A: antennae 2, large bone plates 2, powered by pain 1
a: Renounce Religion, Heroism, Finesse, Duel


You were on level 3 of the Lair of Beasts.
You worshipped Okawaru.
Okawaru was extremely pleased with you.
You visited 3 branches of the dungeon, and saw 13 of its levels.
You also visited: Ossuary.

You collected 678 gold pieces.
You spent 132 gold pieces at shops.

Inventory:

Hand Weapons
 a - a +2 vampiric dagger
 z - the +7 war axe of Kemoedgh (weapon) {drain, rN+ Will+ Int+3}
   (You found it on level 5 of the Dungeon)

   A truly terrible weapon, it drains the life of any living foe it strikes.
   Int:       It affects your intelligence (+3).
   rN:        It protects you from negative energy.
   Will:      It increases your willpower.
 R - a +4 war axe
Missiles
 d - 31 poisoned darts (quivered)
 e - 12 curare-tipped darts
 l - 5 silver boomerangs
 x - 5 datura-tipped darts
 L - 2 silver javelins
 N - 4 atropa-tipped darts
Armour
 b - a +0 robe (worn)
 c - a +1 cloak (worn)
 f - a +0 pair of gloves (worn)
 t - a +1 pair of boots (worn)
Jewellery
 g - a +6 ring of dexterity
 n - a ring of protection from cold (left hand)
 s - an amulet of regeneration
 D - an amulet of magic regeneration
 M - an amulet of guardian spirit (around neck)
 P - a ring of willpower (right hand)
Wands
 q - a wand of polymorph (6)
 y - a wand of flame (12)
Scrolls
 k - 3 scrolls of immolation
 m - 4 scrolls of teleportation
 u - a scroll of blinking
 F - 3 scrolls of magic mapping
 I - 2 scrolls of poison
 K - a scroll of identify
 O - a scroll of fog
Potions
 h - 7 potions of brilliance
 i - 2 potions of degeneration
 o - 2 potions of berserk rage
 p - 2 potions of lignification
 v - 2 potions of flight
 C - a potion of cancellation
 E - a potion of resistance
 G - a potion of curing
 H - a potion of mutation
 J - a potion of magic


   Skills:
 - Level 6.7(11.7) Fighting
 - Level 4.8(9.8) Short Blades
 + Level 12.4(17.4) Axes
 - Level 2.9(7.9) Throwing
 - Level 4.9(9.9) Dodging
 - Level 6.5(11.5) Stealth
 - Level 5.6 Conjurations
 - Level 8.0 Invocations


You had 8 spell levels left.
You knew the following spells:

 Your Spells              Type           Power      Damage    Failure   Level
a - Magic Dart            Conj           76%        1d6       2%          1
b - Blink                 Tloc           0%         N/A       34%         2

Your spell library contained the following spells:

 Spells                   Type           Power      Damage    Failure   Level
 Slow                     Hex            0%         N/A       24%         1
 Mephitic Cloud           Conj/Pois/Air  6%         N/A       32%         3
 Ensorcelled Hibernation  Hex/Ice        0%         N/A       34%         2
 Passwall                 Tmut/Erth      0%         N/A       34%         2
 Confusing Touch          Hex            0%         N/A       56%         3
 Ignite Poison            Fire/Tmut/Pois 0%         N/A       56%         3
 Lesser Beckoning         Tloc           0%         N/A       56%         3
 Ozocubu's Armour         Ice            0%         N/A       56%         3
 Portal Projectile        Hex/Tloc       0%         N/A       56%         3
 Spider Form              Tmut/Pois      0%         N/A       56%         3
 Swiftness                Air            0%         N/A       56%         3
 Vampiric Draining        Necr           0%         2d6       56%         3
 Sticky Flame             Conj/Fire      9%         2d3       58%         4
 Anguish                  Hex/Necr       0%         N/A       93%         4
 Manifold Assault         Tloc           0%         N/A       93%         4
 Blade Hands              Tmut           0%         N/A       100%        5
 Metabolic Englaciation   Hex/Ice        0%         N/A       100%        5
 Iron Shot                Conj/Erth      4%         9d2       100%        6
 Call Imp                 Summ           Unusable   N/A       N/A         2
 Tukima's Dance           Hex            Unusable   N/A       N/A         3
 Animate Armour           Summ/Erth      Unusable   N/A       N/A         4
 Simulacrum               Ice/Necr       Unusable   N/A       N/A         6

Dungeon Overview and Level Annotations

Branches:
Dungeon (9/15)             Temple (1/1) D:5            Lair (3/5) D:9
 Spider (0/4) Lair:2          Orc (0/2) D:9         Ossuary (visited)
  Swamp: Lair:2-3    Shoals: Lair:2-3

Altars:
Ashenzari
Cheibriados
Dithmenos
Fedhas
Gozag
Hepliaklqana
Kikubaaqudgha
Makhleb
Nemelex Xobeh
Okawaru
Qazlal
Ru
Sif Muna
Trog
Uskayaw
Vehumet
Wu Jian
Xom
Yredelemnul

Shops:
D:8 *

Annotations:
D:4 2 transporters, Tollund's ghost, novice BaHs
D:6 3 runed translucent doors, NinjaNoafa's ghost, novice HOMo
D:8 2 transporters, purpskrrrp's ghost, novice GrBe
Lair:1 3 runed translucent doors, Jeffwins's ghost, journeyman OpEE
Lair:2 exclusion: oklob plant


Innate Abilities, Weirdness & Mutations

You have a pair of antennae on your head.
You are mostly covered in large bone plates. (SH +6)
You sometimes gain a little power by taking damage.


Message History

You slash the yak! You drain the yak.
The yak is heavily wounded.
You block the yak's attack.
Unknown command.
You slash the yak!
The yak is severely wounded.
The yak gores you!
* * * LOW HITPOINT WARNING * * *
Unknown command.
Okay, then.
You feel much better. The yak gores you!
Unknown command.
You slice the yak!!
You kill the yak!
Okawaru accepts your kill. Okawaru grants you throwing weapons!
Something appears at your feet!
You have reached level 12!
You feel clever.
You hit the cane toad. You drain the cane toad.
The cane toad is heavily wounded.
The cane toad stings you!
* * * LOW HITPOINT WARNING * * *
Unknown command.
You hit the cane toad but do no damage.
The cane toad is heavily wounded.
The cane toad stings you!
* * * LOW HITPOINT WARNING * * *
Unknown command.
You slash the cane toad! You punch the cane toad.
The cane toad is almost dead.
The cane toad stings you!
* * * LOW HITPOINT WARNING * * *
Unknown command.
Okay, then.
Blink to where?
Press: ? - help, Dir - move target
As you read the scroll of blinking, it crumbles to dust.
The yak gores you!
You die...

.(.....
..........
.?........
##.......P#
##..........
#####...........
#(##............
##†..Y.Y......#
##....#.@.....#
##...###.......#
##...###......###
##...## #....###
##...P# ##.###
###..P### ..#
#P...P# ###
##...### ##....#


You could see 2 yaks.

Vanquished Creatures
  A boulder beetle (Lair:2)
  Sonja (Lair:2)
  A black mamba (Lair:1)
  Joseph (D:8)
  3 cane toads
  3 komodo dragons
  Grinder (D:5)
  A meliai (Lair:2)
  A hornet (D:9)
  Prince Ribbit (D:8)
  A polar bear (Lair:2)
  5 blink frogs (Lair:2)
  A wraith (D:5)
  Sigmund (D:2)
  10 yaks
  4 basilisks
  4 wyverns (D:9)
  A steam dragon (D:8)
  8 water moccasins
  2 orc warriors
  2 black bears (D:6)
  3 ice beasts
  A sky beast (D:7)
  A centaur (D:7)
  2 ogres
  10 wolves
  A phantom (D:5)
  10 bullfrogs
  2 kobold brigands
  2 elf zombies (Ossuary)
  A necrophage (D:5)
  3 scorpions
  16 wights
  19 killer bees
  5 howler monkeys
  A vampire bat (D:5)
  5 centaur zombies (Ossuary)
  4 hounds
  5 human zombies (Ossuary)
  4 orc priests
  A jelly (D:5)
  6 orc wizards
  Natasha (thrice) (D:2)
  6 iguanas
  3 mummies (Ossuary)
  7 adders
  3 gnolls (D:4)
  A shadow imp (D:5)
  2 white imps
  4 worms
  5 dart slugs
  3 fire bats (D:5)
  17 orcs
  2 spectral bats (D:5)
  3 bat skeletons (D:5)
  A bat zombie (D:5)
  3 endoplasms
  5 giant cockroaches
  8 goblins
  13 hobgoblins
  2 jackals
  A quokka (D:1)
  4 ball pythons
  12 bats
  A bat simulacrum (D:5)
  6 frilled lizards
  11 kobolds
  An orc zombie (D:7)
  4 rats (D:1)
286 creatures vanquished.

Vanquished Creatures (others)
  An orc (D:8)
  3 bushes (D:9)
  8 fungi
  33 plants
45 creatures vanquished.

Grand Total: 331 creatures vanquished

Notes
Turn   | Place    | Note
-------+----------+-------------------------------------------
     0 | D:1      | Zonian the Demonspawn Brigand began the quest for the Orb.
     0 | D:1      | Reached XP level 1. HP: 16/16 MP: 1/1
    54 | D:1      | Reached skill level 1 in Dodging
  1104 | D:1      | Gained mutation: You are partially covered in large bone
                  | plates. (SH +4) [demonic ancestry]
  1104 | D:1      | Reached XP level 2. HP: 22/22 MP: 2/2
  2193 | D:1      | Reached XP level 3. HP: 28/28 MP: 3/3
  2628 | D:2      | Noticed Sigmund
  3907 | D:2      | Killed Sigmund
  3908 | D:2      | Gained mutation: You have a pair of small antennae on your
                  | head. [demonic ancestry]
  3908 | D:2      | Reached XP level 4. HP: 35/35 MP: 4/4
  3908 | D:2      | Gained mutation: You are mostly covered in large bone
                  | plates. (SH +6) [demonic ancestry]
  3908 | D:2      | Reached XP level 5. HP: 41/41 MP: 5/5
  4024 | D:2      | Noticed Natasha
  4036 | D:2      | Killed Natasha
  4201 | D:2      | Noticed Natasha
  4226 | D:2      | Killed Natasha
  4285 | D:2      | Noticed Natasha
  4431 | D:3      | Reached XP level 6. HP: 36/47 MP: 6/6
  4757 | D:3      | Learned a level 1 spell: Magic Dart
  4798 | D:3      | Found a shimmering altar of Xom.
  5562 | D:2      | Found a faded altar of an unknown god.
  5653 | D:2      | Killed Natasha
  6600 | D:4      | Found a burning altar of Makhleb.
  6724 | D:4      | Reached skill level 1 in Conjurations
  7506 | D:4      | Reached XP level 7. HP: 49/53 MP: 7/7
  7667 | D:4      | Found a transporter.
  7733 | D:4      | Found a transporter.
  7935 | D:4      | Noticed Tollund's ghost (novice BaHs)
  7987 | D:4      | Reached skill level 5 in Stealth
  8333 | D:5      | Entered Level 5 of the Dungeon
  8987 | D:5      | Found a hazy altar of Hepliaklqana.
  9003 | D:5      | Found a stormy altar of Qazlal.
  9295 | D:5      | Noticed Grinder
  9439 | D:5      | Found a bloodstained altar of Trog.
  9608 | D:5      | Noticed a wraith
  9758 | D:5      | Learned a level 2 spell: Blink
  9848 | D:5      | Reached XP level 8. HP: 50/61 MP: 8/8
 10051 | D:5      | HP: 3/91 [wraith (10)]
 10072 | D:5      | HP: 2/61 [wraith (8)]
 10249 | D:5      | Reached skill level 5 in Fighting
 10272 | D:5      | Identified the +7 war axe of Kemoedgh {drain, rN+ Will+
                  | Int+3}
 10491 | D:5      | Paralysed by Grinder for 2 turns
 10514 | D:5      | Killed Grinder
 10953 | D:5      | Found a staircase to the Ecumenical Temple.
 10959 | Temple   | Entered the Ecumenical Temple
 11015 | Temple   | Became a worshipper of Warmaster Okawaru
 11355 | D:6      | Reached skill level 1 in Invocations
 11374 | D:6      | Found a shimmering blue altar of Sif Muna.
 11735 | D:6      | Gained mutation: You sometimes gain a little power by
                  | taking damage. [demonic ancestry]
 11735 | D:6      | Reached XP level 9. HP: 58/68 MP: 10/10
 11749 | D:6      | Reached skill level 1 in Axes
 11761 | D:6      | Found a runed translucent gate.
 11761 | D:6      | Found a runed translucent gate.
 11762 | D:6      | Found a runed translucent gate.
 11762 | D:6      | Noticed NinjaNoafa's ghost (novice HOMo)
 12101 | D:6      | Reached * piety under Okawaru
 12506 | D:7      | Found a sand-covered staircase.
 12516 | Ossuary  | Entered an ossuary
 12573 | Ossuary  | Reached skill level 2 in Axes
 12874 | Ossuary  | Reached skill level 5 in Conjurations
 13113 | D:7      | Found an opulent altar of Gozag.
 13179 | D:7      | Reached ** piety under Okawaru
 13457 | D:7      | Reached skill level 3 in Axes
 13759 | D:8      | Found a transporter.
 13765 | D:8      | Reached skill level 5 in Invocations
 13885 | D:8      | Noticed purpskrrrp's ghost (novice GrBe)
 14404 | D:8      | Reached XP level 10. HP: 58/73 MP: 12/14
 14731 | D:8      | Reached skill level 4 in Axes
 15346 | D:8      | Found a blossoming altar of Fedhas.
 15352 | D:8      | Noticed Joseph
 15368 | D:8      | Found a sparkling altar of Nemelex Xobeh.
 15503 | D:8      | Noticed Prince Ribbit
 15538 | D:8      | Killed Prince Ribbit
 15729 | D:8      | Found a transporter.
 15739 | D:8      | Found a broken altar of Ashenzari.
 15758 | D:8      | Found Tamierec's General Store.
 15764 | D:8      | Bought a scroll of fog for 48 gold pieces
 15764 | D:8      | Bought a scroll of teleportation for 36 gold pieces
 15764 | D:8      | Bought a scroll of fear for 48 gold pieces
 15897 | D:8      | Killed Joseph
 15898 | D:8      | Reached skill level 5 in Axes
 16451 | D:8      | Reached *** piety under Okawaru
 17122 | D:9      | Reached skill level 6 in Axes
 17164 | D:9      | Found a staircase to the Orcish Mines.
 17499 | D:9      | Reached skill level 7 in Axes
 17790 | D:9      | Reached **** piety under Okawaru
 17791 | D:9      | Reached skill level 8 in Axes
 17797 | D:9      | Received a gift from Okawaru
 17962 | D:9      | Gained mutation: You have a pair of antennae on your head.
                  | [demonic ancestry]
 17962 | D:9      | Reached XP level 11. HP: 39/83 MP: 15/17
 18057 | D:9      | Found a staircase to the Lair.
 18527 | D:9      | Found a hide-covered altar of Uskayaw.
 19016 | Lair:1   | Entered Level 1 of the Lair of Beasts
 19031 | Lair:1   | Reached skill level 9 in Axes
 19431 | Lair:1   | Received a gift from Okawaru
 19595 | Lair:1   | Found a runed translucent gate.
 19595 | Lair:1   | Found a runed translucent gate.
 19595 | Lair:1   | Found a runed translucent gate.
 19604 | Lair:1   | Noticed a minotaur
 19613 | Lair:1   | Noticed Jeffwins's ghost (journeyman OpEE)
 20040 | Lair:1   | Reached skill level 10 in Axes
 20456 | Lair:1   | Reached ***** piety under Okawaru
 20850 | Lair:2   | Noticed an oklob plant
 20925 | Lair:2   | Noticed a boulder beetle
 20942 | Lair:2   | Killed a boulder beetle
 21040 | Lair:2   | Reached skill level 11 in Axes
 21468 | Lair:2   | Found a hole to the Spider Nest.
 21523 | Lair:2   | Noticed Sonja
 21537 | Lair:2   | Killed Sonja
 22077 | Lair:2   | Reached skill level 12 in Axes
 22486 | Lair:3   | Noticed a four-headed hydra
 22623 | Lair:3   | Received a gift from Okawaru
 22624 | Lair:3   | Reached XP level 12. HP: 34/89 MP: 5/18
 22628 | Lair:3   | Slain by a yak

Illustrated notes

Levels and vault maps discovered:
D:1:      eino_arrival_druids_welcome, layout_loops_cross
D:2:      layout_loops_ring, chequers_ecumenical_altar_island, minivault_4,
          uniq_natasha, uniq_sigmund
D:3:      cheibrodos_greedy_goblins, layout_basic, xom_teletrap_fun,
          nicolae_figureground_pulse
D:4:      layout_basic, kennysheep_mini_moat, gammafunk_ghost_arena
D:5:      minmay_clustersquares, layout_basic, grunt_temple_overflow_open,
          lightli_temple_of_fire, temple_green, goddamned_bats, uniq_grinder
D:6:      layout_basic, kennysheep_little_box, gammafunk_ghost_split
D:7:      layout_gridville, overflow_temple_1_default,
          mainiacjoe_overflow_boulevard, enter_ossuary_3
D:8:      layout_loops_ring, fedhas_altar_2, lemuel_crystal_altar,
          gammafunk_temple_overflow_statue, serial_shops, shop,
          gammafunk_ghost_stat_death, minmay_tree_intersection,
          uniq_prince_ribbit1, uniq_joseph
D:9:      layout_loops_ring, general_overflow_altar, minmay_lair_entry_grove,
          david_orc_3
Temple:   kb_temple_of_zot
Lair:1:   layout_loops_ring, maelrawn_ghost_gauntlet_escape, hibernation_bobbens
Lair:2:   layout_gridlike, hellmonk_spider_entry_not_the_bees,
          chequers_serial_rivers_micro_c, chequers_serial_rivers_micro_e,
          uniq_sonja
Lair:3:   layout_hall_layers, elwin_shoals_entry_stream,
          dreamdust_mushroom_princess, infiniplex_staircase_pool_2

Skill      XL: |  1  2  3  4  5  6  7  8  9 10 11 |
---------------+----------------------------------+-----
Dodging        | 1 2 3 4 |  4.9
Throwing       | 2 |  2.9
Short Blades   | 2 3 4 |  4.8
Fighting       | 3 4 5 6 |  6.7
Stealth        | 4 5 6 |  6.5
Conjurations   | 1 2 4 5 |  5.6
Invocations    | 1 5 8 |  8.0
Axes           | 3 8 12 | 12.4

Action                   |  1- 3 |  4- 6 |  7- 9 | 10-12 || total
-------------------------+-------+-------+-------+-------++-------
Melee: Dagger            |   119 |   220 |   335 |     8 ||   682
       Punch             |       |     3 |    11 |     4 ||    18
       War axe           |       |       |   241 |   393 ||   634
Throw: Dart              |    13 |    20 |    19 |    21 ||    73
       Boomerang         |       |       |     9 |       ||     9
 Cast: Magic Dart        |       |       |     5 |     6 ||    11
Invok: Heroism           |       |       |       |     4 ||     4
Evoke: Wand              |       |       |     2 |     4 ||     6
  Use: Scroll            |     1 |     8 |     8 |    13 ||    30
       Potion            |     4 |       |     2 |     5 ||    11
 Stab: Sleeping          |     5 |     4 |    15 |    11 ||    35
       Distracted        |       |       |     1 |       ||     1
       Invisible         |       |       |       |     1 ||     1
Armor: Robe              |    23 |    31 |   119 |    56 ||   229
       Skin              |       |       |    15 |       ||    15
Dodge: Dodged            |    56 |    75 |   323 |   269 ||   723
Block: Other             |    14 |    37 |   164 |   105 ||   320

Table legend: (Time is in decaauts)
 A = Elapsed time spent in this place.
 B = Non-inter-level travel time spent in this place.
 C = Inter-level travel time spent in this place.
 D = Time resting spent in this place.
 E = Time spent auto-exploring this place.
 F = Levels seen in this place.
 G = Mean time per level.
                   A        B        C        D        E       F      G
               +--------+--------+--------+--------+--------+-----+--------+
         Total |  22690 |  22191 |    499 |  11422 |   6314 |  14 | 1620.7 |
       Dungeon |  18443 |  18044 |    399 |   9409 |   5162 |   9 | 2049.2 |
        Temple |     84 |     56 |     28 |      0 |     31 |   1 |   84.0 |
          Lair |   3604 |   3532 |     72 |   1706 |   1121 |   3 | 1201.3 |
       Ossuary |    557 |    557 |      0 |    307 |      0 |   1 |  557.0 |
               +--------+--------+--------+--------+--------+-----+--------+

Top non-repeatable levels by time:
     D:1: 3737 daAuts
     D:8: 3269 daAuts
     D:5: 2906 daAuts
     D:9: 2111 daAuts
  Lair:1: 1823 daAuts
     D:4: 1717 daAuts
  Lair:2: 1677 daAuts
     D:2: 1517 daAuts
     D:3: 1307 daAuts
     D:6: 1118 daAuts
     D:7: 758 daAuts
 Ossuary: 557 daAuts
  Lair:3: 103 daAuts
  Temple: 84 daAuts
